 Dungeon Crawl Stone Soup version 0.26-a0-660-gc07710193c (webtiles) character file.

Game seed: 1376046585211150485

739 jfcaron the Skirmisher (level 7, -4/72 HPs)
             Began as an Ogre Hedge Wizard on Oct 7, 2020.
             Was a Follower of Elyvilon.
             Killed from afar by an orc wizard (9 damage)
             ... with a magic dart
             ... on level 4 of the Dungeon.
             The game lasted 00:21:56 (6465 turns).

jfcaron the Skirmisher (Ogre Hedge Wizard)          Turns: 6465, Time: 00:21:56

Health: -4/72      AC:  3    Str: 17    XL:     7   Next: 75%
Magic:  13/13      EV: 10    Int: 15    God:    Elyvilon [*.....]
Gold:   122        SH:  0    Dex:  8    Spells: 3/14 levels left

rFire    . . .     SeeInvis .     - Unarmed
rCold    . . .     Faith    .   (no shield)
rNeg     . . .     Spirit   .   b - +0 robe
rPois    .         Reflect  .   c - +0 hat
rElec    .         Harm     .   (no cloak)
rCorr    .         Rampage  .   (gloves unavailable)
MR       .....                  (boots unavailable)
Stlth    +.........             (no amulet)
HPRegen  0.22/turn              (no ring)
MPRegen  0.13/turn              (no ring)

@: protection
A: large, unfitting armour, tough skin 1
a: Lesser Healing, Divine Protection, Renounce Religion


You were on level 4 of the Dungeon.
You worshipped Elyvilon.
Elyvilon was aware of your devotion.
You visited 1 branch of the dungeon, and saw 4 of its levels.

You collected 122 gold pieces.

Inventory:

Hand Weapons
 a - a +0 dagger
Missiles
 e - 20 bolts
 f - 35 poisoned darts (quivered)
 h - 132 stones
 i - 21 arrows
 k - 4 boomerangs
 s - 11 sling bullets
Armour
 b - a +0 robe (worn)
 c - a +0 hat (worn)
Scrolls
 d - a scroll of enchant weapon {unknown}
 l - a scroll of blinking {unknown}
 p - a scroll of remove curse {unknown}
 t - a scroll of teleportation {unknown}
 u - a scroll of fog {unknown}
 v - 2 scrolls of fear {unknown}
 y - a scroll of identify
Potions
 j - a potion of cancellation
 m - 2 potions of mutation
 n - a potion of resistance {unknown}
 o - a potion of invisibility {unknown}
 q - a potion of brilliance {unknown}
 r - a potion of flight {unknown}
 w - 2 potions of curing {unknown}
 x - a potion of haste {unknown}
 z - a potion of berserk rage {unknown}


   Skills:
 - Level 5.0 Fighting
 - Level 1.7 Dodging
 - Level 1.4 Stealth
 - Level 2.0 Unarmed Combat
 + Level 4.2 Spellcasting
 + Level 1.6 Conjurations
 - Level 2.0 Summonings
 - Level 2.0 Translocations
 + Level 1.0 Fire Magic
 + Level 1.1 Air Magic
 + Level 1.1 Poison Magic
 - Level 5.0 Invocations


You had 3 spell levels left.
You knew the following spells:

 Your Spells              Type           Power        Failure   Level
a - Magic Dart            Conj           #...         9%          1
b - Blink                 Tloc           N/A          12%         2
c - Call Imp              Summ           #.......     12%         2
d - Conjure Flame         Conj/Fire      #.......     30%         3
e - Mephitic Cloud        Conj/Pois/Air  #.......     30%         3

Your spell library contained the following spells:

 Spells                   Type           Power        Failure   Level
 Slow                     Hex            #.......     26%         2


Dungeon Overview and Level Annotations

Branches:
Dungeon (4/15)             Temple (0/1) D:4

Altars:
Elyvilon

Annotations:
D:3 3 runed translucent doors, TigOlBitties's ghost, amateur DEAE


Innate Abilities, Weirdness & Mutations

You are too large for most types of armour.
You have tough skin. (AC +1)


Message History

Something hits you but does no damage.
A magic dart appears from out of thin air!
The magic dart hits you!
* * * LOW HITPOINT WARNING * * *
A puff of frost appears from out of thin air!
The puff of frost hits you!
* * * LOW HITPOINT WARNING * * *
You hear some strange, mumbled words.
A puff of frost appears from out of thin air!
The puff of frost hits you! Elyvilon protects you from harm!
You beseech Elyvilon to protect your life.
Something hits you.
* * * LOW HITPOINT WARNING * * *
A magic dart appears from out of thin air!
The magic dart hits you.
* * * LOW HITPOINT WARNING * * *
A magic dart appears from out of thin air!
The magic dart hits you!
You die...

###########.†.......#
##.........>†#######.#
######...########## #.#
.............###### ###.#
######............# #...#
#..<.......#.####.# #.###
#.#.#.#...##.# #.#####.##
#>#.#.#)...).####........#####
#.#.#..)###.....@...###......#
#.#.##...#.####.###.# #.####.#
#.#.##..#.# #{# #.###.##
..#.##..#.# #.# #.##...##
..#.##..#.## #.###.#.###.##
.##.##.....###.#.#...##
##.######
..............###....#
#.......
.##.##.###.###.#.#...##
##.###### .....#.#
#.####.###.#.###.##


There were no monsters in sight!

Vanquished Creatures
  A phantom (D:4)
  An ogre (D:4)
  A scorpion (D:4)
  A howler monkey (D:4)
  4 hounds
  An orc wizard (D:3)
  Natasha (thrice) (D:3)
  5 worker ants
  3 adders
  An ooze (D:1)
  3 worms
  2 dart slugs (D:1)
  4 leopard geckos
  7 orcs
  4 giant cockroaches
  10 goblins
  7 hobgoblins
  9 jackals
  9 kobolds
  4 quokkas
  2 ball pythons (D:1)
  12 bats
  4 frilled lizards
  10 rats
108 creatures vanquished.

Notes
Turn   | Place    | Note
-------+----------+-------------------------------------------
     0 | D:1      | jfcaron the Ogre Hedge Wizard began the quest for the Orb.
     0 | D:1      | Reached XP level 1. HP: 16/16 MP: 5/5
    51 | D:1      | Reached skill level 1 in Conjurations
   148 | D:1      | Reached skill level 1 in Fighting
   202 | D:1      | Reached XP level 2. HP: 27/27 MP: 1/6
   256 | D:1      | Learned a level 2 spell: Blink
   259 | D:1      | Learned a level 2 spell: Call Imp
   341 | D:1      | Reached skill level 1 in Summonings
   341 | D:1      | Reached skill level 1 in Translocations
   746 | D:1      | Reached XP level 3. HP: 26/35 MP: 1/8
  1638 | D:2      | Found a white marble altar of Elyvilon.
  1706 | D:2      | Became a worshipper of Elyvilon the Healer
  2206 | D:2      | Reached XP level 4. HP: 44/44 MP: 3/10
  2476 | D:3      | Found a runed translucent gate.
  2476 | D:3      | Found a runed translucent gate.
  2476 | D:3      | Found a runed translucent gate.
  2478 | D:3      | Reached * piety under Elyvilon
  3239 | D:3      | Noticed Natasha
  3245 | D:3      | Killed Natasha
  3274 | D:3      | Noticed Natasha
  3282 | D:3      | Reached XP level 5. HP: 18/53 MP: 9/11
  3285 | D:3      | Reached skill level 1 in Invocations
  3302 | D:3      | HP: 13/79 [Natasha (6)]
  3320 | D:3      | HP: 15/81 [white imp/puff of frost[Natasha] (2)]
  3322 | D:3      | HP: 6/81 [Natasha (6)]
  3326 | D:3      | Killed Natasha
  3639 | D:3      | Noticed TigOlBitties's ghost (amateur DEAE)
  3919 | D:3      | Noticed Natasha
  3924 | D:3      | Killed Natasha
  4289 | D:3      | Reached XP level 6. HP: 51/65 MP: 1/12
  4577 | D:3      | Reached skill level 5 in Fighting
  4939 | D:3      | Learned a level 3 spell: Conjure Flame
  4943 | D:3      | Learned a level 3 spell: Mephitic Cloud
  5458 | D:4      | Reached skill level 5 in Invocations
  5458 | D:4      | Reached skill level 1 in Unarmed Combat
  5458 | D:4      | Reached XP level 7. HP: 72/72 MP: 8/13
  5733 | D:4      | Found a staircase to the Ecumenical Temple.
  6232 | D:4      | Reached skill level 1 in Fire Magic
  6232 | D:4      | Reached skill level 1 in Air Magic
  6232 | D:4      | Reached skill level 1 in Poison Magic
  6460 | D:4      | HP: 11/72 [something/puff of frost (7)]
  6461 | D:4      | Elyvilon protects you from harm!
  6465 | D:4      | HP: 5/72 [something/magic dart (4)]
  6465 | D:4      | Killed from afar by an orc wizard

Illustrated notes

Levels and vault maps discovered:
D:1:      shiori_arrival_maze, layout_loops_ring
D:2:      layout_rooms, elyvilon_altar_4
D:3:      layout_loops_corners, gammafunk_ghost_icy, uniq_natasha
D:4:      layout_loops_ring, minmay_temple_entry_large_hall,
          uniq_crazy_yiuf_cottage

Skill      XL: |  1  2  3  4  5  6  7 |
---------------+----------------------+-----
Conjurations   | 1 |  1.6
Fighting       | 1 2 3 4 5 |  5.0
Summonings     | 1 2 |  2.0
Translocations | 1 2 |  2.0
Spellcasting   | 4 |  4.2
Invocations    | 2 5 |  5.0
Unarmed Combat | 1 2 |  2.0
Fire Magic     | 1 |  1.0
Air Magic      | 1 |  1.1
Poison Magic   | 1 |  1.1
Dodging        | |  1.7
Stealth        | |  1.4

Action                   |  1- 3 |  4- 6 |  7- 9 || total
-------------------------+-------+-------+-------++-------
Melee: Dagger            |    39 |    67 |       ||   106
       Unarmed           |       |       |    44 ||    44
Throw: Dart              |     5 |    66 |    40 ||   111
       Boomerang         |     2 |       |     8 ||    10
 Cast: Magic Dart        |   122 |   121 |    27 ||   270
       Blink             |       |     3 |     1 ||     4
Invok: Lesser Healing    |       |     1 |     1 ||     2
       Divine Protection |       |       |     1 ||     1
  Use: Scroll            |       |     4 |       ||     4
       Potion            |       |     3 |       ||     3
Armor: Robe              |    17 |    27 |    10 ||    54
       Skin              |       |    66 |       ||    66
Dodge: Dodged            |    32 |    79 |    20 ||   131

Table legend: (Time is in decaauts)
 A = Elapsed time spent in this place.
 B = Non-inter-level travel time spent in this place.
 C = Inter-level travel time spent in this place.
 D = Time resting spent in this place.
 E = Time spent auto-exploring this place.
 F = Levels seen in this place.
 G = Mean time per level.
                   A        B        C        D        E       F      G
               +--------+--------+--------+--------+--------+-----+--------+
         Total |   6504 |   6011 |    493 |   2870 |   2033 |   4 | 1626.0 |
       Dungeon |   6504 |   6011 |    493 |   2870 |   2033 |   4 | 1626.0 |
               +--------+--------+--------+--------+--------+-----+--------+

Top non-repeatable levels by time:
     D:3: 2430 daAuts
     D:1: 1488 daAuts
     D:4: 1332 daAuts
     D:2: 1253 daAuts
